Map: Simulacrum LE

Players

Neeb - Winner!

  • Race: Protoss Protoss
  • Spawn Location: 5:00

LiquidTLO (TLO)

  • Race: Zerg Zerg
  • League: Grandmaster
  • Spawn Location: 11:00

VOD

Have the link to the VOD?

Description

Time

  • Played on: Jan. 7, 2020, 6:48 p.m.
  • Length: 10:03
Show
View Real Time Build Order
Export as new Build Order

Neeb Protoss - Winner!

Build Orders: 1 Gate Expand, Oracle Opening, Phoenix Opening, Archon Immortal 

Get SALT Encoding   

  12  0:00  Probe  
  13  0:12  Probe  
  14  0:17  Pylon  
  14  0:25  Probe (Chrono Boost)  
  15  0:36  Gateway  
  15  0:37  Probe (Chrono Boost)  
  16  0:44  Probe (Chrono Boost)  
  16  0:46  Assimilator  
  17  0:51  Probe  
  18  1:03  Probe  
  19  1:15  Probe  
  20  1:23  Nexus  
  20  1:34  Cybernetics Core  
  20  1:37  Probe  
  21  1:43  Assimilator  
  21  1:49  Probe  
  21  1:53  Pylon  
  22  2:01  Probe (Chrono Boost)  
  23  2:09  Stalker (Chrono Boost)  
  23  2:13  Probe (Chrono Boost)  
  26  2:21  Probe (Chrono Boost)  
  27  2:23  Stargate  
  27  2:29  Probe (Chrono Boost)  
  28  2:31  Adept  
  28  2:35  Probe (Chrono Boost)  
  31  2:40  Warp Gate  
  33  2:45  Probe x2 (Chrono Boost)  
  33  2:50  Probe (Chrono Boost)  
  33  2:51  Probe  
  35  3:01  Gateway  
  35  3:02  Probe  
  35  3:03  Probe  
  37  3:06  Oracle (Chrono Boost)  
  40  3:14  Probe  
  40  3:18  Probe, Gateway  
  42  3:22  Pylon  
  42  3:26  Probe  
  43  3:30  Probe  
  44  3:36  Phoenix (Chrono Boost)  
  44  3:37  Pylon  
  44  3:40  Probe  
  47  3:42  Probe  
  47  3:45  Assimilator  
  47  3:47  Assimilator  
  48  3:52  Probe  
  48  3:54  Probe  
  50  3:55  Oracle (Chrono Boost)  
  53  4:05  Probe  
  53  4:06  Probe  
  55  4:17  Probe  
  56  4:18  Probe  
  57  4:25  Oracle  
  57  4:29  Probe, Nexus  
  57  4:30  Pylon  
  61  4:31  Pylon  
  61  4:32  Probe  
  61  4:35  Pylon  
  62  4:40  Robotics Facility  
  62  4:48  Probe  
  62  4:49  Sentry x2  
  62  4:50  Probe  
  68  4:54  Gateway  
  68  4:58  Pylon  
  68  5:00  Probe  
  68  5:02  Pylon  
  68  5:03  Probe  
  70  5:13  Probe  
  70  5:14  Sentry, Zealot  
  75  5:15  Probe  
  76  5:25  Probe, Forge  
  76  5:26  Twilight Council  
  76  5:27  Probe  
  76  5:28  Immortal (Chrono Boost)  
  82  5:40  Probe  
  82  5:41  Probe  
  82  5:42  Probe (Chrono Boost)  
  85  5:53  Pylon  
  85  5:54  Probe (Chrono Boost), Pylon  
  88  5:57  Protoss Ground Weapons Level 1 (Chrono Boost)  
  88  5:58  Probe (Chrono Boost)  
  88  5:59  Probe (Chrono Boost)  
  88  6:00  Observer (Chrono Boost)  
  88  6:03  Probe (Chrono Boost), Charge, Assimilator x2  
  90  6:06  Probe (Chrono Boost), Templar Archives  
  90  6:07  Probe (Chrono Boost)  
  90  6:09  Probe  
  93  6:16  Probe  
  93  6:18  Probe  
  95  6:20  Immortal (Chrono Boost)  
  95  6:21  Probe  
  100  6:26  Gateway  
  100  6:28  Gateway  
  100  6:29  Gateway  
  100  6:32  Pylon  
  100  6:46  Immortal (Chrono Boost), Psionic Storm  
  100  6:53  High Templar x2  
  108  7:00  Probe x3, Gateway  
  111  7:02  Gateway  
  111  7:06  Gateway  
  106  7:18  Immortal (Chrono Boost)  
  110  7:24  Photon Cannon, Shield Battery  
  110  7:25  High Templar x3, Nexus  
  110  7:26  Pylon, Zealot x2  
  120  7:30  Archon  
  120  7:31  Archon  
  120  7:35  Pylon  
  120  7:37  Shield Battery  
  120  7:39  Shield Battery  
  120  7:44  Immortal (Chrono Boost)  
  124  7:53  High Templar x2, Zealot  
  124  7:54  Zealot  
  124  7:58  Zealot x4  
  134  8:01  Shield Battery x2  
  134  8:02  Nexus  
  140  8:08  Colossus  
  140  8:14  High Templar  
  140  8:19  Probe x2  
  144  8:20  Immortal  
  144  8:22  Pylon  
  144  8:25  Pylon x2  
  148  8:27  Pylon x2  
  148  8:29  Pylon  
  148  8:39  Dark Shrine  
  148  8:43  Zealot x8  
  162  8:59  Immortal  
  162  9:02  Archon x2  
  162  9:04  Probe  
  162  9:09  High Templar x2, Zealot x5  
  177  9:10  Zealot x2  
  177  9:15  Probe  
  177  9:16  Probe x2  
  178  9:19  Probe  
  169  9:25  Assimilator  
  169  9:28  Probe x2  
  169  9:29  Assimilator  
  163  9:36  High Templar x4  
  171  9:43  Photon Cannon  
  171  9:44  Photon Cannon  
  171  9:47  Shield Battery  
Show
View Real Time Build Order
Export as new Build Order

LiquidTLO Zerg 

Build Orders: Hatch First, Swarm Host 

Get SALT Encoding   

  12  0:00  Drone  
  13  0:12  Overlord  
  13  0:17  Drone  
  14  0:30  Drone x2  
  16  0:48  Hatchery  
  15  0:52  Drone  
  15  0:55  Drone  
  17  1:00  Drone  
  17  1:02  Extractor  
  17  1:15  Spawning Pool  
  17  1:18  Drone  
  17  1:22  Drone  
  18  1:28  Drone  
  19  1:41  Drone  
  20  1:49  Drone  
  21  2:00  Drone x2  
  21  2:01  Queen  
  23  2:03  Queen  
  27  2:11  Metabolic Boost  
  27  2:15  Overlord  
  27  2:18  Drone  
  28  2:34  Drone x2  
  30  2:39  Hatchery  
  30  2:43  Drone  
  30  2:46  Overlord  
  30  2:48  Drone  
  32  2:51  Drone  
  32  2:54  Overlord  
  32  3:01  Overlord  
  32  3:06  Drone x2  
  32  3:10  Drone  
  35  3:13  Overlord  
  35  3:14  Drone  
  35  3:16  Drone x2  
  35  3:18  Drone  
  39  3:20  Drone  
  39  3:25  Queen  
  42  3:28  Zergling x2  
  42  3:29  Zergling x2  
  42  3:33  Queen  
  46  3:37  Drone  
  46  3:38  Drone  
  48  3:42  Drone  
  48  3:43  Spore Crawler  
  48  3:45  Spore Crawler  
  47  3:49  Drone  
  47  3:50  Drone x2  
  47  3:52  Drone  
  51  3:57  Queen  
  53  4:03  Drone  
  53  4:05  Evolution Chamber  
  53  4:06  Drone  
  53  4:07  Drone  
  53  4:09  Drone  
  56  4:15  Overlord  
  56  4:16  Drone  
  58  4:17  Spore Crawler  
  58  4:18  Drone x2  
  58  4:23  Zergling x2  
  58  4:24  Zergling x2  
  61  4:28  Overlord  
  60  4:33  Baneling Nest  
  60  4:35  Extractor, Roach Warren  
  60  4:36  Lair  
  58  4:38  Drone  
  58  4:39  Drone  
  58  4:40  Drone  
  58  4:41  Extractor, Drone  
  58  4:42  Extractor  
  58  4:44  Drone  
  58  4:45  Drone  
  62  4:47  Drone  
  62  4:48  Drone  
  62  4:49  Drone  
  64  4:53  Drone, Overlord  
  64  4:55  Drone  
  64  4:56  Drone  
  64  4:58  Drone  
  68  5:00  Drone  
  68  5:04  Drone  
  68  5:05  Drone  
  71  5:07  Extractor, Drone  
  71  5:08  Extractor, Drone  
  71  5:09  Drone, Overlord  
  72  5:14  Drone  
  72  5:17  Overlord  
  72  5:18  Drone, Evolution Chamber  
  73  5:22  Overlord  
  73  5:25  Roach x2  
  77  5:30  Roach x2  
  77  5:32  Roach x2  
  77  5:35  Glial Reconstitution  
  83  5:37  Roach  
  83  5:42  Roach  
  83  5:43  Roach x2  
  83  5:45  Roach  
  83  5:46  Drone  
  83  5:48  Roach  
  92  5:50  Zerg Missile Weapons Level 1  
  92  5:51  Drone  
  92  5:54  Drone  
  92  5:55  Drone x2  
  96  5:58  Ravager  
  96  5:59  Drone  
  96  6:00  Roach  
  100  6:05  Roach, Infestation Pit  
  100  6:06  Roach  
  100  6:08  Drone  
  100  6:10  Drone  
  104  6:12  Drone  
  104  6:13  Drone  
  104  6:17  Drone x2  
  108  6:20  Roach  
  108  6:24  Roach, Overlord x2  
  112  6:27  Overlord  
  112  6:31  Overlord  
  112  6:32  Overlord  
  112  6:37  Ravager  
  113  6:44  Overlord x2  
  113  6:45  Ravager, Roach x2  
  113  6:46  Ravager x5  
  124  6:47  Zergling x6  
  124  6:49  Roach  
  124  6:50  Roach  
  124  6:51  Zergling x2  
  124  6:54  Zergling x2  
  132  6:55  Zergling x2  
  132  6:57  Drone, Overlord  
  132  7:01  Swarm Host, Overlord  
  134  7:04  Swarm Host  
  134  7:05  Swarm Host  
  143  7:09  Swarm Host  
  143  7:11  Swarm Host  
  143  7:13  Overlord  
  149  7:17  Swarm Host  
  149  7:20  Swarm Host  
  155  7:26  Swarm Host  
  155  7:29  Swarm Host  
  161  7:33  Swarm Host  
  159  7:37  Overlord  
  159  7:38  Swarm Host  
  162  7:47  Swarm Host  
  162  7:49  Swarm Host  
  168  8:04  Hatchery  
  168  8:05  Swarm Host x2  
  167  8:06  Swarm Host  
  167  8:12  Overlord  
  175  8:13  Swarm Host  
  175  8:17  Swarm Host x2  
  175  8:19  Swarm Host  
  183  8:24  Roach x2  
  183  8:26  Roach  
  190  8:36  Hive, Overlord  
  190  8:41  Roach  
  190  8:42  Roach  
  190  8:47  Roach  
  195  8:51  Hatchery  
  195  8:53  Roach x2  
  188  8:58  Roach  
  188  9:00  Roach  
  188  9:01  Roach x2  
  190  9:05  Roach  
  190  9:06  Roach  
  190  9:07  Roach x2  
  190  9:08  Roach  
  191  9:10  Roach x2  
  191  9:12  Roach x2  
  175  9:20  Roach  
  175  9:21  Roach  
  175  9:23  Roach  
  158  9:24  Roach  
  158  9:25  Queen  
  158  9:26  Queen  
  158  9:27  Roach  
  159  9:32  Ravager, Roach x2  
  159  9:33  Ravager  
  159  9:35  Roach  
  167  9:38  Roach  
Tags
 
Add a new tag
Caveats
  • Supply blocks, unpowered buildings, or Contaminate may cause inaccurate times.
  • Supply counts are checked every 10 seconds.